Workbook

Sheet Сводка
A1: Сколько часов в неделю агент снимает с маркетолога, бухгалтера и ассистента
A2: Модель по обязанностям из открытых вакансий hh.ru на 16.10.2026 (вакансии и ссылки - лист «Вакансии со ссылками», допущения - лист «Допущения»). Это оценка, а не замер.
A4: Роль | B4: Вакансий в выборке | C4: Пунктов обязанностей | D4: Целиком, пунктов | E4: Частично, пунктов | F4: Не делает, пунктов | G4: Доля «целиком» | H4: Доля «частично» | I4: Доля «не делает» | J4: Часов в неделю: осторожно | K4: Часов в неделю: вероятно | L4: Часов в неделю: максимум | M4: Медиана оклада, ₽/мес до вычета | N4: Вакансий с окладом | O4: Стоимость снятых часов, ₽/мес (вероятно) | P4: Во сколько раз больше цены агента
A5: Маркетолог | B5: =COUNTIF('Вакансии со ссылками'!$B$2:$B$128,A5) -> 45 | C5: =SUMIF('Вакансии со ссылками'!$B$2:$B$128,A5,'Вакансии со ссылками'!$J$2:$J$128) -> 489 | D5: =SUMIF('Вакансии со ссылками'!$B$2:$B$128,A5,'Вакансии со ссылками'!$K$2:$K$128) -> 191 | E5: =SUMIF('Вакансии со ссылками'!$B$2:$B$128,A5,'Вакансии со ссылками'!$L$2:$L$128) -> 126 | F5: =SUMIF('Вакансии со ссылками'!$B$2:$B$128,A5,'Вакансии со ссылками'!$M$2:$M$128) -> 172 | G5: =D5/C5 -> 0.39059305 | H5: =E5/C5 -> 0.25766871 | I5: =F5/C5 -> 0.35173824 | J5: =Допущения!$B$3*AVERAGEIF('Вакансии со ссылками'!$B$2:$B$128,A5,'Вакансии со ссылками'!$N$2:$N$128) -> 10.16716 | K5: =Допущения!$B$3*AVERAGEIF('Вакансии со ссылками'!$B$2:$B$128,A5,'Вакансии со ссылками'!$O$2:$O$128) -> 15.24941 | L5: =Допущения!$B$3*AVERAGEIF('Вакансии со ссылками'!$B$2:$B$128,A5,'Вакансии со ссылками'!$P$2:$P$128) -> 20.895762 | M5: =MEDIAN('Вакансии со ссылками'!$H$2:$H$46) -> 114943 | N5: =COUNT('Вакансии со ссылками'!$H$2:$H$46) -> 36 | O5: =M5*K5/Допущения!$B$3 -> 43820.322 | P5: =O5/Допущения!$B$4 -> 2.9233037
A6: Бухгалтер | B6: =COUNTIF('Вакансии со ссылками'!$B$2:$B$128,A6) -> 45 | C6: =SUMIF('Вакансии со ссылками'!$B$2:$B$128,A6,'Вакансии со ссылками'!$J$2:$J$128) -> 435 | D6: =SUMIF('Вакансии со ссылками'!$B$2:$B$128,A6,'Вакансии со ссылками'!$K$2:$K$128) -> 115 | E6: =SUMIF('Вакансии со ссылками'!$B$2:$B$128,A6,'Вакансии со ссылками'!$L$2:$L$128) -> 230 | F6: =SUMIF('Вакансии со ссылками'!$B$2:$B$128,A6,'Вакансии со ссылками'!$M$2:$M$128) -> 90 | G6: =D6/C6 -> 0.26436782 | H6: =E6/C6 -> 0.52873563 | I6: =F6/C6 -> 0.20689655 | J6: =Допущения!$B$3*AVERAGEIF('Вакансии со ссылками'!$B$2:$B$128,A6,'Вакансии со ссылками'!$N$2:$N$128) -> 9.013545 | K6: =Допущения!$B$3*AVERAGEIF('Вакансии со ссылками'!$B$2:$B$128,A6,'Вакансии со ссылками'!$O$2:$O$128) -> 14.563595 | L6: =Допущения!$B$3*AVERAGEIF('Вакансии со ссылками'!$B$2:$B$128,A6,'Вакансии со ссылками'!$P$2:$P$128) -> 21.193996 | M6: =MEDIAN('Вакансии со ссылками'!$H$47:$H$91) -> 98850.5 | N6: =COUNT('Вакансии со ссылками'!$H$47:$H$91) -> 36 | O6: =M6*K6/Допущения!$B$3 -> 35990.466 | P6: =O6/Допущения!$B$4 -> 2.400965
A7: Ассистент руководителя | B7: =COUNTIF('Вакансии со ссылками'!$B$2:$B$128,A7) -> 37 | C7: =SUMIF('Вакансии со ссылками'!$B$2:$B$128,A7,'Вакансии со ссылками'!$J$2:$J$128) -> 482 | D7: =SUMIF('Вакансии со ссылками'!$B$2:$B$128,A7,'Вакансии со ссылками'!$K$2:$K$128) -> 118 | E7: =SUMIF('Вакансии со ссылками'!$B$2:$B$128,A7,'Вакансии со ссылками'!$L$2:$L$128) -> 87 | F7: =SUMIF('Вакансии со ссылками'!$B$2:$B$128,A7,'Вакансии со ссылками'!$M$2:$M$128) -> 277 | G7: =D7/C7 -> 0.24481328 | H7: =E7/C7 -> 0.18049793 | I7: =F7/C7 -> 0.5746888 | J7: =Допущения!$B$3*AVERAGEIF('Вакансии со ссылками'!$B$2:$B$128,A7,'Вакансии со ссылками'!$N$2:$N$128) -> 6.0660405 | K7: =Допущения!$B$3*AVERAGEIF('Вакансии со ссылками'!$B$2:$B$128,A7,'Вакансии со ссылками'!$O$2:$O$128) -> 9.1524743 | L7: =Допущения!$B$3*AVERAGEIF('Вакансии со ссылками'!$B$2:$B$128,A7,'Вакансии со ссылками'!$P$2:$P$128) -> 12.605585 | M7: =MEDIAN('Вакансии со ссылками'!$H$92:$H$128) -> 149425 | N7: =COUNT('Вакансии со ссылками'!$H$92:$H$128) -> 19 | O7: =M7*K7/Допущения!$B$3 -> 34190.212 | P7: =O7/Допущения!$B$4 -> 2.280868
A8: Среднее по трём ролям | J8: =AVERAGE(J5:J7) -> 8.4155819 | K8: =AVERAGE(K5:K7) -> 12.988493 | L8: =AVERAGE(L5:L7) -> 18.231781
A10: Источники
A11: Вакансии: открытая выдача hh.ru (https://hh.ru/search/vacancy), карточки вакансий по ссылкам на листе «Вакансии со ссылками», проверено 16.10.2026.
A12: Возможности и цена агента: https://vibemarketolog.ru/app, проверено 16.10.2026 (цена «от 14 990 ₽ в месяц»).
A13: Чтение: «вероятно» - основной вариант; «осторожно» и «максимум» - границы по допущениям. Доверительный интервал по выборке для «вероятно» - в сообщении агента и на графике.

Sheet Обязанности
A1: Роль | B1: Категория обязанности | C1: Что делает агент | D1: Пунктов | E1: Вакансий с таким пунктом | F1: Доля вакансий | G1: Что на странице /app | H1: Пример формулировки из вакансии
A2: Маркетолог | B2: Контент: тексты, посты, контент-план, соцсети, рассылки, репутация | C2: целиком | D2: 68 | E2: 29 | F2: 0.64444444 | G2: Соцсети: план публикаций, тексты голосом бренда, обложки; публикует во ВК, Telegram, Дзене, отвечает на комментарии | H2: Ведение и развитие групп в социальных сетях,написание и публикация контента
A3: Маркетолог | B3: Реклама: настройка и ведение кампаний (Директ, VK, таргет, контекст) | C3: целиком | D3: 51 | E3: 28 | F3: 0.62222222 | G3: Реклама и трафик: кампании в Директе и VK Рекламе, минус-слова, ставки, объявления | H3: Анализ конкурентной среды: мониторинг цен, ассортимента, рекламной активности конкурентов в строительном секторе
A4: Маркетолог | B4: Стратегия, планы, бюджеты, позиционирование, бренд | C4: частично | D4: 47 | E4: 28 | F4: 0.62222222 | G4: Подготовка черновика и расчётов; решение остаётся за человеком | H4: Коммуникация со всеми подразделениями в целях получения и предоставления информации для целей маркетинга
A5: Маркетолог | B5: Мероприятия, выставки, съёмки, офлайн-активности | C5: не делает | D5: 45 | E5: 22 | F5: 0.48888889 | G5: Физическое присутствие агенту недоступно | H5: Разработка и реализация плана маркетинговых мероприятий для продвижения продукции
A6: Маркетолог | B6: Отчёты, сводки и аналитика (метрики, воронка, эффективность) | C6: целиком | D6: 29 | E6: 22 | F6: 0.48888889 | G6: Аналитика и отчёты: отчёты по рекламе и продажам, сводки по менеджерам и воронке | H6: анализировать стоимость заявки и качество заявок
A7: Маркетолог | B7: Анализ рынка и конкурентов, мониторинг цен | C7: целиком | D7: 24 | E7: 21 | F7: 0.46666667 | G7: Конкуренты и рынок: цены и предложения конкурентов, обзор рынка | H7: Выявление и анализ потребностей целевой аудитории (строительные компании, частные застройщики, дизайнеры)
A8: Маркетолог | B8: Переговоры, звонки, встречи и работа с людьми вживую | C8: не делает | D8: 33 | E8: 20 | F8: 0.44444444 | G8: Агент работает на компьютере: звонки и встречи за человека не проводит | H8: сколько заявок дошло до отдела продаж
A9: Маркетолог | B9: Прочее и не распознано | C9: не делает | D9: 55 | E9: 17 | F9: 0.37777778 | G9: Не засчитываем: осторожная оценка | H9: сколько целевых клиентов увидели компанию
A10: Маркетолог | B10: Сайт и SEO: наполнение, правки, посадочные страницы, карточки | C10: частично | D10: 16 | E10: 16 | F10: 0.35555556 | G10: SEO и сайты: готовит сайт к поиску, чинит формы и разметку; Сайты и посадочные в Space | H10: работать с сайтом, посадочными страницами, карточками услуг и формами заявок
A11: Маркетолог | B11: Креативы, дизайн, видео, фото | C11: частично | D11: 17 | E11: 13 | F11: 0.28888889 | G11: Реклама и трафик: креативы; Соцсети: обложки (финальную подачу утверждает человек) | H11: Взаимодействие с дизайнером (составление тех. заданий)
A12: Маркетолог | B12: Офис и быт: канцелярия, хозяйство, гости, курьеры, ресепшн | C12: не делает | D12: 32 | E12: 11 | F12: 0.24444444 | G12: Физическое присутствие агенту недоступно | H12: 1. Кофе, чай и ингредиенты для бизнеса
A13: Маркетолог | B13: Налоги и отчётность (НДС, УСН, НДФЛ, баланс, сдача в ФНС и фонды) | C13: частично | D13: 11 | E13: 10 | F13: 0.22222222 | G13: Финансист: налоговый календарь, подготовка; сдачу и подпись делает человек | H13: Аналитика и отчётность. По каждому тесту – подробный отчёт
... A22: Маркетолог | B22: Календарь, график, организация встреч и совещаний | C22: целиком | D22: 5 | E22: 3 | F22: 0.066666667 | G22: Личный помощник: почта, календарь, напоминания | H22: формировать маркетинговый календарь сети
A23: Маркетолог | B23: Зарплата, кадры, отпуска, больничные, табель | C23: частично | D23: 2 | E23: 2 | F23: 0.044444444 | G23: Финансист и бухгалтер-помощник (расчёт готовит, проверяет человек)
A24: Маркетолог | B24: Подбор персонала: вакансии, отклики, приглашения | C24: частично | D24: 2 | E24: 2 | F24: 0.044444444 | G24: Подбор людей: разбирает отклики, оценивает тестовые, приглашает лучших (решение за человеком) | H24: Успехов и до встречи на собеседовании!
A25: Маркетолог | B25: Ввод и обработка данных: таблицы, базы, выгрузки, актуализация | C25: целиком | D25: 3 | E25: 2 | F25: 0.044444444 | G25: Работа в браузере: заполняет формы и собирает данные в таблицы; Google Таблицы | H25: Внесение предложений по процессам и автоматизации
A26: Маркетолог | B26: Первичные документы, счета, акты, накладные, УПД | C26: целиком | D26: 1 | E26: 1 | F26: 0.022222222 | G26: Финансист и бухгалтер-помощник: первичка и счета через 1С; Счета и акты в 1С | H26: Оформление первичной документации с подрядчиками (акты, договоры, счета)
A27: Маркетолог | B27: Управление командой, обучение, мотивация, подчинённые | C27: не делает | D27: 1 | E27: 1 | F27: 0.022222222 | G27: Руководство людьми остаётся за человеком | H27: Твоя материальная мотивация будет расти вместе с твоим опытом
A28: Маркетолог | B28: Управленческий учёт, бюджет, финансовый анализ | C28: частично | D28: 1 | E28: 1 | F28: 0.022222222 | G28: Финансист: расчёты и сводки; решение принимает человек | H28: вести маркетинговый бюджет и план-факт расходов
A29: Маркетолог | B29: Поиск и сбор информации, подбор поставщиков и площадок | C29: целиком | D29: 2 | E29: 1 | F29: 0.022222222 | G29: Поиск и браузер: собирает данные в таблицы; Конкуренты и рынок: поиск поставщиков | H29: Сбор фактуры по реализованным проектам, подготовка и выпуск клиентских кейсов
A30: Бухгалтер | B30: Первичные документы, счета, акты, накладные, УПД | C30: целиком | D30: 55 | E30: 36 | F30: 0.8 | G30: Финансист и бухгалтер-помощник: первичка и счета через 1С; Счета и акты в 1С | H30: Прием, проверка и обработка первичной документации по ТМЦ (накладные, акты, счета-фактуры и др.)
A31: Бухгалтер | B31: Налоги и отчётность (НДС, УСН, НДФЛ, баланс, сдача в ФНС и фонды) | C31: частично | D31: 90 | E31: 33 | F31: 0.73333333 | G31: Финансист: налоговый календарь, подготовка; сдачу и подпись делает человек | H31: Учет затрат по незавершенному строительству, формирование отчетности по объектам строительства
A32: Бухгалтер | B32: Склад, ТМЦ, основные средства, себестоимость | C32: частично | D32: 48 | E32: 26 | F32: 0.57777778 | G32: Финансист: учёт по данным; физическую инвентаризацию выполняет человек | H32: Ведение складского учета в 1С: Бухгалтерия, отражение операций по движению ТМЦ в учетной системе
A33: Бухгалтер | B33: Бухгалтерский учёт и проводки в 1С | C33: частично | D33: 45 | E33: 23 | F33: 0.51111111 | G33: Финансы и счета: счета и акты в 1С (проводки проверяет человек) | H33: Учет операций по договорам лизинга
A34: Бухгалтер | B34: Сверки и контроль задолженности (акты сверки, дебиторка) | C34: целиком | D34: 25 | E34: 21 | F34: 0.46666667 | G34: Финансы и счета: контроль долгов клиентов | H34: Проведение инвентаризаций, участие в сверках остатков с материально ответственными лицами
A35: Бухгалтер | B35: Зарплата, кадры, отпуска, больничные, табель | C35: частично | D35: 22 | E35: 21 | F35: 0.46666667 | G35: Финансист и бухгалтер-помощник (расчёт готовит, проверяет человек) | H35: Замещение кассиров в период их отсутствия (отпуск, б/л) , а именно:
... A49: Бухгалтер | B49: Поиск и сбор информации, подбор поставщиков и площадок | C49: целиком | D49: 1 | E49: 1 | F49: 0.022222222 | G49: Поиск и браузер: собирает данные в таблицы; Конкуренты и рынок: поиск поставщиков | H49: Организация и ведение делопроизводства: сбор, систематизация, хранение бумажных и электронных документов
A50: Бухгалтер | B50: Стратегия, планы, бюджеты, позиционирование, бренд | C50: частично | D50: 1 | E50: 1 | F50: 0.022222222 | G50: Подготовка черновика и расчётов; решение остаётся за человеком
A51: Бухгалтер | B51: Мероприятия, выставки, съёмки, офлайн-активности | C51: не делает | D51: 1 | E51: 1 | F51: 0.022222222 | G51: Физическое присутствие агенту недоступно | H51: участие в мероприятиях по инвентаризации имущества и финансового состояния предприятия
A52: Бухгалтер | B52: Анализ рынка и конкурентов, мониторинг цен | C52: целиком | D52: 1 | E52: 1 | F52: 0.022222222 | G52: Конкуренты и рынок: цены и предложения конкурентов, обзор рынка | H52: Мониторинг закупочных цен и объёмов
A53: Бухгалтер | B53: Командировки, билеты, отели, визы, бронирование | C53: частично | D53: 1 | E53: 1 | F53: 0.022222222 | G53: Поиск и браузер: подбор вариантов; оплату и подтверждение делает человек | H53: Поступление билетов/денежных документов
A54: Бухгалтер | B54: Подбор персонала: вакансии, отклики, приглашения | C54: частично | D54: 1 | E54: 1 | F54: 0.022222222 | G54: Подбор людей: разбирает отклики, оценивает тестовые, приглашает лучших (решение за человеком)
A55: Ассистент руководителя | B55: Офис и быт: канцелярия, хозяйство, гости, курьеры, ресепшн | C55: не делает | D55: 113 | E55: 35 | F55: 0.94594595 | G55: Физическое присутствие агенту недоступно | H55: Организация и планирование рабочего дня руководителя
A56: Ассистент руководителя | B56: Командировки, билеты, отели, визы, бронирование | C56: частично | D56: 30 | E56: 24 | F56: 0.64864865 | G56: Поиск и браузер: подбор вариантов; оплату и подтверждение делает человек | H56: Готовность к командировкам и мобильность
A57: Ассистент руководителя | B57: Прочее и не распознано | C57: не делает | D57: 90 | E57: 22 | F57: 0.59459459 | G57: Не засчитываем: осторожная оценка | H57: Аккуратность, опрятность, умение работать с конфиденциальной информацией
A58: Ассистент руководителя | B58: Взаимодействие и согласование с подразделениями, руководством, клиентами | C58: не делает | D58: 35 | E58: 21 | F58: 0.56756757 | G58: Живое общение и согласование остаются за человеком | H58: Собирать информацию у сотрудников и контролировать прохождение опросов и оценок
A59: Ассистент руководителя | B59: Календарь, график, организация встреч и совещаний | C59: целиком | D59: 37 | E59: 21 | F59: 0.56756757 | G59: Личный помощник: почта, календарь, напоминания | H59: Вести календарь руководителя, предупреждать конфликты и накладки
A60: Ассистент руководителя | B60: Мероприятия, выставки, съёмки, офлайн-активности | C60: не делает | D60: 23 | E60: 18 | F60: 0.48648649 | G60: Физическое присутствие агенту недоступно | H60: фото- и видеосъёмка (в т.ч. с квадрокоптера)
A61: Ассистент руководителя | B61: Контроль сроков и исполнения поручений, напоминания | C61: целиком | D61: 16 | E61: 13 | F61: 0.35135135 | G61: Задачи по расписанию: напоминания о сроках; Текущая работа: что обещано и к какому сроку | H61: Контроль исполнения поручений и напоминание о важных задачах
A62: Ассистент руководителя | B62: Личные поручения руководителя | C62: частично | D62: 13 | E62: 12 | F62: 0.32432432 | G62: Личный помощник: почта, календарь, напоминания для дела и дома | H62: Выполнение бизнес- и личных поручений
A63: Ассистент руководителя | B63: Документы, делопроизводство, приказы, протоколы, презентации, КП | C63: целиком | D63: 14 | E63: 12 | F63: 0.32432432 | G63: Документы и КП: коммерческие предложения, договоры, акты и письма в вашем фирменном стиле | H63: Не ждёшь подробных инструкций: уточняешь необходимое, разбираешься в вопросе и предлагаешь решение
A64: Ассистент руководителя | B64: Первичные документы, счета, акты, накладные, УПД | C64: целиком | D64: 12 | E64: 11 | F64: 0.2972973 | G64: Финансист и бухгалтер-помощник: первичка и счета через 1С; Счета и акты в 1С | H64: Частичное ведение документооборота и деловой переписки
A65: Ассистент руководителя | B65: Переговоры, звонки, встречи и работа с людьми вживую | C65: не делает | D65: 13 | E65: 10 | F65: 0.27027027 | G65: Агент работает на компьютере: звонки и встречи за человека не проводит | H65: Сопровождение руководителя на встречах, переговорах, совещаниях и командировках (МО, Крым)
A66: Ассистент руководителя | B66: Отчёты, сводки и аналитика (метрики, воронка, эффективность) | C66: целиком | D66: 11 | E66: 10 | F66: 0.27027027 | G66: Аналитика и отчёты: отчёты по рекламе и продажам, сводки по менеджерам и воронке | H66: В конце дня присылать короткий отчёт по выполненным задачам
... A79: Ассистент руководителя | B79: Креативы, дизайн, видео, фото | C79: частично | D79: 1 | E79: 1 | F79: 0.027027027 | G79: Реклама и трафик: креативы; Соцсети: обложки (финальную подачу утверждает человек) | H79: Креативность, позитивное мышление и стрессоустойчивость
A80: Ассистент руководителя | B80: Контент: тексты, посты, контент-план, соцсети, рассылки, репутация | C80: целиком | D80: 1 | E80: 1 | F80: 0.027027027 | G80: Соцсети: план публикаций, тексты голосом бренда, обложки; публикует во ВК, Telegram, Дзене, отвечает на комментарии
A81: Ассистент руководителя | B81: Банк-клиент и платежи | C81: частично | D81: 1 | E81: 1 | F81: 0.027027027 | G81: Финансы и счета: реестр платежей на согласование (платёж отправляет человек)
A82: Ассистент руководителя | B82: Управленческий учёт, бюджет, финансовый анализ | C82: частично | D82: 1 | E82: 1 | F82: 0.027027027 | G82: Финансист: расчёты и сводки; решение принимает человек | H82: Сбор и анализ управленческой информации для поддержки принятия решений
A83: Ассистент руководителя | B83: Бухгалтерский учёт и проводки в 1С | C83: частично | D83: 1 | E83: 1 | F83: 0.027027027 | G83: Финансы и счета: счета и акты в 1С (проводки проверяет человек) | H83: Вести учёт закупок и расходов в своей зоне ответственности
A84: Ассистент руководителя | B84: Зарплата, кадры, отпуска, больничные, табель | C84: частично | D84: 1 | E84: 1 | F84: 0.027027027 | G84: Финансист и бухгалтер-помощник (расчёт готовит, проверяет человек)
A85: Ассистент руководителя | B85: CRM и заявки: внесение, обработка лидов, воронка | C85: частично | D85: 1 | E85: 1 | F85: 0.027027027 | G85: Бизнес-аналитик: подключается к CRM, настраивает воронки; Битрикс24, amoCRM | H85: Работать с корпоративными сервисами, таблицами, документами и задачами в Битрикс24

Sheet Вакансии со ссылками
A1: № | B1: Роль | C1: Должность | D1: Регион | E1: Оклад от, ₽ | F1: Оклад до, ₽ | G1: Как указан | H1: Оклад для расчёта, ₽/мес до вычета | I1: Ссылка на вакансию | J1: Пунктов | K1: Целиком | L1: Частично | M1: Не делает | N1: Доля: осторожно | O1: Доля: вероятно | P1: Доля: максимум
A2: 1 | B2: Маркетолог | C2: Маркетолог / Специалист по маркетингу | D2: Курган | E2: 90000 | G2: на руки | H2: 103448 | I2: https://hh.ru/vacancy/138406767 | J2: 12 | K2: 7 | L2: 1 | M2: 4 | N2: =IF(J2=0,"",(K2*Допущения!$B$9+L2*Допущения!$C$9)/J2) -> 0.30416667 | O2: =IF(J2=0,"",(K2*Допущения!$B$10+L2*Допущения!$C$10)/J2) -> 0.43333333 | P2: =IF(J2=0,"",(K2*Допущения!$B$11+L2*Допущения!$C$11)/J2) -> 0.56666667
A3: 2 | B3: Маркетолог | C3: Маркетолог | D3: Миасс | E3: 90000 | F3: 90000 | G3: на руки | H3: 103448 | I3: https://hh.ru/vacancy/138383040 | J3: 4 | K3: 0 | L3: 3 | M3: 1 | N3: =IF(J3=0,"",(K3*Допущения!$B$9+L3*Допущения!$C$9)/J3) -> 0.1125 | O3: =IF(J3=0,"",(K3*Допущения!$B$10+L3*Допущения!$C$10)/J3) -> 0.225 | P3: =IF(J3=0,"",(K3*Допущения!$B$11+L3*Допущения!$C$11)/J3) -> 0.375
A4: 3 | B4: Маркетолог | C4: Маркетолог / интернет-маркетолог в Makala | D4: Магнитогорск | E4: 70000 | F4: 120000 | G4: на руки | H4: 109195 | I4: https://hh.ru/vacancy/138475909 | J4: 42 | K4: 6 | L4: 6 | M4: 30 | N4: =IF(J4=0,"",(K4*Допущения!$B$9+L4*Допущения!$C$9)/J4) -> 0.092857143 | O4: =IF(J4=0,"",(K4*Допущения!$B$10+L4*Допущения!$C$10)/J4) -> 0.14285714 | P4: =IF(J4=0,"",(K4*Допущения!$B$11+L4*Допущения!$C$11)/J4) -> 0.2
A5: 4 | B5: Маркетолог | C5: Маркетолог-стажер (с фокусом на эксперименты) | D5: Красноярск | E5: 50000 | G5: на руки | H5: 57471 | I5: https://hh.ru/vacancy/135814912 | J5: 4 | K5: 0 | L5: 2 | M5: 2 | N5: =IF(J5=0,"",(K5*Допущения!$B$9+L5*Допущения!$C$9)/J5) -> 0.075 | O5: =IF(J5=0,"",(K5*Допущения!$B$10+L5*Допущения!$C$10)/J5) -> 0.15 | P5: =IF(J5=0,"",(K5*Допущения!$B$11+L5*Допущения!$C$11)/J5) -> 0.25
A6: 5 | B6: Маркетолог | C6: Маркетолог | D6: Хабаровск | E6: 100000 | G6: на руки | H6: 114943 | I6: https://hh.ru/vacancy/138288307 | J6: 7 | K6: 1 | L6: 4 | M6: 2 | N6: =IF(J6=0,"",(K6*Допущения!$B$9+L6*Допущения!$C$9)/J6) -> 0.15714286 | O6: =IF(J6=0,"",(K6*Допущения!$B$10+L6*Допущения!$C$10)/J6) -> 0.27142857 | P6: =IF(J6=0,"",(K6*Допущения!$B$11+L6*Допущения!$C$11)/J6) -> 0.41428571
A7: 6 | B7: Маркетолог | C7: Маркетолог | D7: Иркутск | E7: 70000 | G7: до вычета налога | H7: 70000 | I7: https://hh.ru/vacancy/138535327 | J7: 11 | K7: 5 | L7: 4 | M7: 2 | N7: =IF(J7=0,"",(K7*Допущения!$B$9+L7*Допущения!$C$9)/J7) -> 0.28181818 | O7: =IF(J7=0,"",(K7*Допущения!$B$10+L7*Допущения!$C$10)/J7) -> 0.42727273 | P7: =IF(J7=0,"",(K7*Допущения!$B$11+L7*Допущения!$C$11)/J7) -> 0.59090909
A8: 7 | B8: Маркетолог | C8: Маркетолог, контент менеджер, специалист по товарному контенту | D8: Москва | E8: 120000 | F8: 120000 | G8: на руки | H8: 137931 | I8: https://hh.ru/vacancy/137985970 | J8: 10 | K8: 3 | L8: 4 | M8: 3 | N8: =IF(J8=0,"",(K8*Допущения!$B$9+L8*Допущения!$C$9)/J8) -> 0.21 | O8: =IF(J8=0,"",(K8*Допущения!$B$10+L8*Допущения!$C$10)/J8) -> 0.33 | P8: =IF(J8=0,"",(K8*Допущения!$B$11+L8*Допущения!$C$11)/J8) -> 0.47
A9: 8 | B9: Маркетолог | C9: Маркетолог | D9: Барнаул | E9: 70000 | F9: 70000 | G9: на руки | H9: 80460 | I9: https://hh.ru/vacancy/138535254 | J9: 14 | K9: 3 | L9: 4 | M9: 7 | N9: =IF(J9=0,"",(K9*Допущения!$B$9+L9*Допущения!$C$9)/J9) -> 0.15 | O9: =IF(J9=0,"",(K9*Допущения!$B$10+L9*Допущения!$C$10)/J9) -> 0.23571429 | P9: =IF(J9=0,"",(K9*Допущения!$B$11+L9*Допущения!$C$11)/J9) -> 0.33571429
A10: 9 | B10: Маркетолог | C10: Маркетолог по продвижению и развитию продукта | D10: Уфа | E10: 80000 | G10: на руки | H10: 91954 | I10: https://hh.ru/vacancy/138534904 | J10: 6 | K10: 2 | L10: 2 | M10: 2 | N10: =IF(J10=0,"",(K10*Допущения!$B$9+L10*Допущения!$C$9)/J10) -> 0.21666667 | O10: =IF(J10=0,"",(K10*Допущения!$B$10+L10*Допущения!$C$10)/J10) -> 0.33333333 | P10: =IF(J10=0,"",(K10*Допущения!$B$11+L10*Допущения!$C$11)/J10) -> 0.46666667
A11: 10 | B11: Маркетолог | C11: Маркетолог | D11: Южно-Сахалинск | E11: 100000 | G11: на руки | H11: 114943 | I11: https://hh.ru/vacancy/138534223 | J11: 16 | K11: 5 | L11: 0 | M11: 11 | N11: =IF(J11=0,"",(K11*Допущения!$B$9+L11*Допущения!$C$9)/J11) -> 0.15625 | O11: =IF(J11=0,"",(K11*Допущения!$B$10+L11*Допущения!$C$10)/J11) -> 0.21875 | P11: =IF(J11=0,"",(K11*Допущения!$B$11+L11*Допущения!$C$11)/J11) -> 0.28125
A12: 11 | B12: Маркетолог | C12: Маркетолог | D12: Санкт-Петербург | E12: 60000 | G12: до вычета налога | H12: 60000 | I12: https://hh.ru/vacancy/137772692 | J12: 14 | K12: 7 | L12: 4 | M12: 3 | N12: =IF(J12=0,"",(K12*Допущения!$B$9+L12*Допущения!$C$9)/J12) -> 0.29285714 | O12: =IF(J12=0,"",(K12*Допущения!$B$10+L12*Допущения!$C$10)/J12) -> 0.43571429 | P12: =IF(J12=0,"",(K12*Допущения!$B$11+L12*Допущения!$C$11)/J12) -> 0.59285714
A13: 12 | B13: Маркетолог | C13: Маркетолог | D13: Санкт-Петербург | E13: 80000 | G13: на руки | H13: 91954 | I13: https://hh.ru/vacancy/138533247 | J13: 12 | K13: 6 | L13: 3 | M13: 3 | N13: =IF(J13=0,"",(K13*Допущения!$B$9+L13*Допущения!$C$9)/J13) -> 0.2875 | O13: =IF(J13=0,"",(K13*Допущения!$B$10+L13*Допущения!$C$10)/J13) -> 0.425 | P13: =IF(J13=0,"",(K13*Допущения!$B$11+L13*Допущения!$C$11)/J13) -> 0.575
A14: 13 | B14: Маркетолог | C14: Маркетолог сети кофеен | D14: Москва | E14: 150000 | F14: 180000 | G14: на руки | H14: 189655 | I14: https://hh.ru/vacancy/137983821 | J14: 15 | K14: 4 | L14: 4 | M14: 7 | N14: =IF(J14=0,"",(K14*Допущения!$B$9+L14*Допущения!$C$9)/J14) -> 0.17333333 | O14: =IF(J14=0,"",(K14*Допущения!$B$10+L14*Допущения!$C$10)/J14) -> 0.26666667 | P14: =IF(J14=0,"",(K14*Допущения!$B$11+L14*Допущения!$C$11)/J14) -> 0.37333333
A15: 14 | B15: Маркетолог | C15: Digital-маркетолог / Интернет-маркетолог | D15: Казань | E15: 90000 | F15: 90000 | G15: на руки | H15: 103448 | I15: https://hh.ru/vacancy/138188732 | J15: 7 | K15: 4 | L15: 0 | M15: 3 | N15: =IF(J15=0,"",(K15*Допущения!$B$9+L15*Допущения!$C$9)/J15) -> 0.28571429 | O15: =IF(J15=0,"",(K15*Допущения!$B$10+L15*Допущения!$C$10)/J15) -> 0.4 | P15: =IF(J15=0,"",(K15*Допущения!$B$11+L15*Допущения!$C$11)/J15) -> 0.51428571
A16: 15 | B16: Маркетолог | C16: Продуктовый маркетолог | D16: Москва | E16: 150000 | G16: на руки | H16: 172414 | I16: https://hh.ru/vacancy/133014931 | J16: 7 | K16: 3 | L16: 2 | M16: 2 | N16: =IF(J16=0,"",(K16*Допущения!$B$9+L16*Допущения!$C$9)/J16) -> 0.25714286 | O16: =IF(J16=0,"",(K16*Допущения!$B$10+L16*Допущения!$C$10)/J16) -> 0.38571429 | P16: =IF(J16=0,"",(K16*Допущения!$B$11+L16*Допущения!$C$11)/J16) -> 0.52857143
A17: 16 | B17: Маркетолог | C17: Бренд-маркетолог (beauty сфера) | D17: Москва | E17: 180000 | F17: 240000 | G17: на руки | H17: 241379 | I17: https://hh.ru/vacancy/138531833 | J17: 21 | K17: 7 | L17: 9 | M17: 5 | N17: =IF(J17=0,"",(K17*Допущения!$B$9+L17*Допущения!$C$9)/J17) -> 0.23095238 | O17: =IF(J17=0,"",(K17*Допущения!$B$10+L17*Допущения!$C$10)/J17) -> 0.36190476 | P17: =IF(J17=0,"",(K17*Допущения!$B$11+L17*Допущения!$C$11)/J17) -> 0.51428571
A18: 17 | B18: Маркетолог | C18: Контент-маркетолог / Senior SMM | D18: Санкт-Петербург | G18: не указан | I18: https://hh.ru/vacancy/138531774 | J18: 7 | K18: 4 | L18: 3 | M18: 0 | N18: =IF(J18=0,"",(K18*Допущения!$B$9+L18*Допущения!$C$9)/J18) -> 0.35 | O18: =IF(J18=0,"",(K18*Допущения!$B$10+L18*Допущения!$C$10)/J18) -> 0.52857143 | P18: =IF(J18=0,"",(K18*Допущения!$B$11+L18*Допущения!$C$11)/J18) -> 0.72857143
A19: 18 | B19: Маркетолог | C19: Музыкальный менеджер-маркетолог | D19: Москва | E19: 50000 | F19: 70000 | G19: до вычета налога | H19: 60000 | I19: https://hh.ru/vacancy/138531745 | J19: 12 | K19: 6 | L19: 2 | M19: 4 | N19: =IF(J19=0,"",(K19*Допущения!$B$9+L19*Допущения!$C$9)/J19) -> 0.275 | O19: =IF(J19=0,"",(K19*Допущения!$B$10+L19*Допущения!$C$10)/J19) -> 0.4 | P19: =IF(J19=0,"",(K19*Допущения!$B$11+L19*Допущения!$C$11)/J19) -> 0.53333333
A20: 19 | B20: Маркетолог | C20: Маркетолог-аналитик (аутсорсинговые услуги) | D20: Москва | E20: 120000 | G20: на руки | H20: 137931 | I20: https://hh.ru/vacancy/138531663 | J20: 7 | K20: 2 | L20: 3 | M20: 2 | N20: =IF(J20=0,"",(K20*Допущения!$B$9+L20*Допущения!$C$9)/J20) -> 0.20714286 | O20: =IF(J20=0,"",(K20*Допущения!$B$10+L20*Допущения!$C$10)/J20) -> 0.32857143 | P20: =IF(J20=0,"",(K20*Допущения!$B$11+L20*Допущения!$C$11)/J20) -> 0.47142857
A21: 20 | B21: Маркетолог | C21: SMM-маркетолог | D21: Московский (Москва) | G21: не указан | I21: https://hh.ru/vacancy/138531613 | J21: 7 | K21: 5 | L21: 1 | M21: 1 | N21: =IF(J21=0,"",(K21*Допущения!$B$9+L21*Допущения!$C$9)/J21) -> 0.37857143 | O21: =IF(J21=0,"",(K21*Допущения!$B$10+L21*Допущения!$C$10)/J21) -> 0.54285714 | P21: =IF(J21=0,"",(K21*Допущения!$B$11+L21*Допущения!$C$11)/J21) -> 0.71428571
A22: 21 | B22: Маркетолог | C22: Маркетолог (HR-агентство) | D22: Нижний Новгород | G22: не указан | I22: https://hh.ru/vacancy/138321562 | J22: 6 | K22: 2 | L22: 3 | M22: 1 | N22: =IF(J22=0,"",(K22*Допущения!$B$9+L22*Допущения!$C$9)/J22) -> 0.24166667 | O22: =IF(J22=0,"",(K22*Допущения!$B$10+L22*Допущения!$C$10)/J22) -> 0.38333333 | P22: =IF(J22=0,"",(K22*Допущения!$B$11+L22*Допущения!$C$11)/J22) -> 0.55
A23: 22 | B23: Маркетолог | C23: Маркетолог в образовательный проект | D23: Москва | E23: 100000 | G23: на руки | H23: 114943 | I23: https://hh.ru/vacancy/138531565 | J23: 9 | K23: 2 | L23: 5 | M23: 2 | N23: =IF(J23=0,"",(K23*Допущения!$B$9+L23*Допущения!$C$9)/J23) -> 0.19444444 | O23: =IF(J23=0,"",(K23*Допущения!$B$10+L23*Допущения!$C$10)/J23) -> 0.32222222 | P23: =IF(J23=0,"",(K23*Допущения!$B$11+L23*Допущения!$C$11)/J23) -> 0.47777778
A24: 23 | B24: Маркетолог | C24: Маркетолог / бизнес-ассистент по привлечению клиентов и кадров | D24: Омск | E24: 80000 | F24: 100000 | G24: на руки | H24: 103448 | I24: https://hh.ru/vacancy/137768055 | J24: 5 | K24: 3 | L24: 0 | M24: 2 | N24: =IF(J24=0,"",(K24*Допущения!$B$9+L24*Допущения!$C$9)/J24) -> 0.3 | O24: =IF(J24=0,"",(K24*Допущения!$B$10+L24*Допущения!$C$10)/J24) -> 0.42 | P24: =IF(J24=0,"",(K24*Допущения!$B$11+L24*Допущения!$C$11)/J24) -> 0.54
A25: 24 | B25: Маркетолог | C25: Помощник/ассистент маркетолога | D25: Сочи | E25: 60000 | F25: 70000 | G25: на руки | H25: 74713 | I25: https://hh.ru/vacancy/138320408 | J25: 9 | K25: 1 | L25: 3 | M25: 5 | N25: =IF(J25=0,"",(K25*Допущения!$B$9+L25*Допущения!$C$9)/J25) -> 0.10555556 | O25: =IF(J25=0,"",(K25*Допущения!$B$10+L25*Допущения!$C$10)/J25) -> 0.17777778 | P25: =IF(J25=0,"",(K25*Допущения!$B$11+L25*Допущения!$C$11)/J25) -> 0.26666667
A26: 25 | B26: Маркетолог | C26: Менеджер маркетинговых проектов/Маркетолог | D26: Мытищи (Московская область) | E26: 120000 | G26: на руки | H26: 137931 | I26: https://hh.ru/vacancy/138528624 | J26: 18 | K26: 6 | L26: 6 | M26: 6 | N26: =IF(J26=0,"",(K26*Допущения!$B$9+L26*Допущения!$C$9)/J26) -> 0.21666667 | O26: =IF(J26=0,"",(K26*Допущения!$B$10+L26*Допущения!$C$10)/J26) -> 0.33333333 | P26: =IF(J26=0,"",(K26*Допущения!$B$11+L26*Допущения!$C$11)/J26) -> 0.46666667
A27: 26 | B27: Маркетолог | C27: Менеджер маркетинговых проектов/Маркетолог | D27: Москва | E27: 120000 | G27: на руки | H27: 137931 | I27: https://hh.ru/vacancy/138527455 | J27: 18 | K27: 6 | L27: 6 | M27: 6 | N27: =IF(J27=0,"",(K27*Допущения!$B$9+L27*Допущения!$C$9)/J27) -> 0.21666667 | O27: =IF(J27=0,"",(K27*Допущения!$B$10+L27*Допущения!$C$10)/J27) -> 0.33333333 | P27: =IF(J27=0,"",(K27*Допущения!$B$11+L27*Допущения!$C$11)/J27) -> 0.46666667
A28: 27 | B28: Маркетолог | C28: Диджитал маркетолог | D28: Москва | F28: 200000 | G28: на руки | H28: 229885 | I28: https://hh.ru/vacancy/137539593 | J28: 14 | K28: 9 | L28: 4 | M28: 1 | N28: =IF(J28=0,"",(K28*Допущения!$B$9+L28*Допущения!$C$9)/J28) -> 0.36428571 | O28: =IF(J28=0,"",(K28*Допущения!$B$10+L28*Допущения!$C$10)/J28) -> 0.53571429 | P28: =IF(J28=0,"",(K28*Допущения!$B$11+L28*Допущения!$C$11)/J28) -> 0.72142857
A29: 28 | B29: Маркетолог | C29: Маркетолог (B2B) | D29: Москва | G29: не указан | I29: https://hh.ru/vacancy/137628809 | J29: 7 | K29: 3 | L29: 0 | M29: 4 | N29: =IF(J29=0,"",(K29*Допущения!$B$9+L29*Допущения!$C$9)/J29) -> 0.21428571 | O29: =IF(J29=0,"",(K29*Допущения!$B$10+L29*Допущения!$C$10)/J29) -> 0.3 | P29: =IF(J29=0,"",(K29*Допущения!$B$11+L29*Допущения!$C$11)/J29) -> 0.38571429
A30: 29 | B30: Маркетолог | C30: Продуктовый маркетолог (торговое оборудование, B2B) | D30: Щелково (Московская область) | E30: 100000 | F30: 150000 | G30: на руки | H30: 143678 | I30: https://hh.ru/vacancy/138318069 | J30: 11 | K30: 1 | L30: 2 | M30: 8 | N30: =IF(J30=0,"",(K30*Допущения!$B$9+L30*Допущения!$C$9)/J30) -> 0.072727273 | O30: =IF(J30=0,"",(K30*Допущения!$B$10+L30*Допущения!$C$10)/J30) -> 0.11818182 | P30: =IF(J30=0,"",(K30*Допущения!$B$11+L30*Допущения!$C$11)/J30) -> 0.17272727
A31: 30 | B31: Маркетолог | C31: Интернет-маркетолог / UA Specialist | D31: Москва | G31: не указан | I31: https://hh.ru/vacancy/138397220 | J31: 6 | K31: 3 | L31: 2 | M31: 1 | N31: =IF(J31=0,"",(K31*Допущения!$B$9+L31*Допущения!$C$9)/J31) -> 0.3 | O31: =IF(J31=0,"",(K31*Допущения!$B$10+L31*Допущения!$C$10)/J31) -> 0.45 | P31: =IF(J31=0,"",(K31*Допущения!$B$11+L31*Допущения!$C$11)/J31) -> 0.61666667
A32: 31 | B32: Маркетолог | C32: Продуктовый маркетолог | D32: Казань | E32: 150000 | G32: на руки | H32: 172414 | I32: https://hh.ru/vacancy/137538614 | J32: 6 | K32: 2 | L32: 1 | M32: 3 | N32: =IF(J32=0,"",(K32*Допущения!$B$9+L32*Допущения!$C$9)/J32) -> 0.19166667 | O32: =IF(J32=0,"",(K32*Допущения!$B$10+L32*Допущения!$C$10)/J32) -> 0.28333333 | P32: =IF(J32=0,"",(K32*Допущения!$B$11+L32*Допущения!$C$11)/J32) -> 0.38333333
A33: 32 | B33: Маркетолог | C33: Маркетолог | D33: Тамбов | E33: 50000 | G33: до вычета налога | H33: 50000 | I33: https://hh.ru/vacancy/138529562 | J33: 13 | K33: 6 | L33: 3 | M33: 4 | N33: =IF(J33=0,"",(K33*Допущения!$B$9+L33*Допущения!$C$9)/J33) -> 0.26538462 | O33: =IF(J33=0,"",(K33*Допущения!$B$10+L33*Допущения!$C$10)/J33) -> 0.39230769 | P33: =IF(J33=0,"",(K33*Допущения!$B$11+L33*Допущения!$C$11)/J33) -> 0.53076923
A34: 33 | B34: Маркетолог | C34: Продуктовый контент-маркетолог | D34: Москва | G34: не указан | I34: https://hh.ru/vacancy/134781921 | J34: 6 | K34: 3 | L34: 1 | M34: 2 | N34: =IF(J34=0,"",(K34*Допущения!$B$9+L34*Допущения!$C$9)/J34) -> 0.275 | O34: =IF(J34=0,"",(K34*Допущения!$B$10+L34*Допущения!$C$10)/J34) -> 0.4 | P34: =IF(J34=0,"",(K34*Допущения!$B$11+L34*Допущения!$C$11)/J34) -> 0.53333333
A35: 34 | B35: Маркетолог | C35: Маркетолог | D35: Омск | E35: 50000 | F35: 70000 | G35: на руки | H35: 68966 | I35: https://hh.ru/vacancy/138315456 | J35: 7 | K35: 2 | L35: 2 | M35: 3 | N35: =IF(J35=0,"",(K35*Допущения!$B$9+L35*Допущения!$C$9)/J35) -> 0.18571429 | O35: =IF(J35=0,"",(K35*Допущения!$B$10+L35*Допущения!$C$10)/J35) -> 0.28571429 | P35: =IF(J35=0,"",(K35*Допущения!$B$11+L35*Допущения!$C$11)/J35) -> 0.4
A36: 35 | B36: Маркетолог | C36: Маркетолог маркетплейсов | D36: Москва | E36: 150000 | G36: на руки | H36: 172414 | I36: https://hh.ru/vacancy/138185829 | J36: 4 | K36: 2 | L36: 1 | M36: 1 | N36: =IF(J36=0,"",(K36*Допущения!$B$9+L36*Допущения!$C$9)/J36) -> 0.2875 | O36: =IF(J36=0,"",(K36*Допущения!$B$10+L36*Допущения!$C$10)/J36) -> 0.425 | P36: =IF(J36=0,"",(K36*Допущения!$B$11+L36*Допущения!$C$11)/J36) -> 0.575
A37: 36 | B37: Маркетолог | C37: Младший продуктовый маркетолог / Junior Product Marketing Manager | D37: Санкт-Петербург | G37: не указан | I37: https://hh.ru/vacancy/137658700 | J37: 8 | K37: 4 | L37: 3 | M37: 1 | N37: =IF(J37=0,"",(K37*Допущения!$B$9+L37*Допущения!$C$9)/J37) -> 0.30625 | O37: =IF(J37=0,"",(K37*Допущения!$B$10+L37*Допущения!$C$10)/J37) -> 0.4625 | P37: =IF(J37=0,"",(K37*Допущения!$B$11+L37*Допущения!$C$11)/J37) -> 0.6375
A38: 37 | B38: Маркетолог | C38: Маркетолог операционный / Маркетолог общих функций | D38: Москва | E38: 130000 | G38: на руки | H38: 149425 | I38: https://hh.ru/vacancy/138314906 | J38: 51 | K38: 19 | L38: 9 | M38: 23 | N38: =IF(J38=0,"",(K38*Допущения!$B$9+L38*Допущения!$C$9)/J38) -> 0.2127451 | O38: =IF(J38=0,"",(K38*Допущения!$B$10+L38*Допущения!$C$10)/J38) -> 0.31372549 | P38: =IF(J38=0,"",(K38*Допущения!$B$11+L38*Допущения!$C$11)/J38) -> 0.42352941
A39: 38 | B39: Маркетолог | C39: CRM маркетолог | D39: Москва | G39: не указан | I39: https://hh.ru/vacancy/138314771 | J39: 8 | K39: 4 | L39: 4 | M39: 0 | N39: =IF(J39=0,"",(K39*Допущения!$B$9+L39*Допущения!$C$9)/J39) -> 0.325 | O39: =IF(J39=0,"",(K39*Допущения!$B$10+L39*Допущения!$C$10)/J39) -> 0.5 | P39: =IF(J39=0,"",(K39*Допущения!$B$11+L39*Допущения!$C$11)/J39) -> 0.7
A40: 39 | B40: Маркетолог | C40: B2B-маркетолог (лидогенерация и контент) | D40: Рязань | G40: не указан | I40: https://hh.ru/vacancy/138185344 | J40: 13 | K40: 10 | L40: 1 | M40: 2 | N40: =IF(J40=0,"",(K40*Допущения!$B$9+L40*Допущения!$C$9)/J40) -> 0.39615385 | O40: =IF(J40=0,"",(K40*Допущения!$B$10+L40*Допущения!$C$10)/J40) -> 0.56153846 | P40: =IF(J40=0,"",(K40*Допущения!$B$11+L40*Допущения!$C$11)/J40) -> 0.73076923
A41: 40 | B41: Маркетолог | C41: Маркетолог | D41: Москва | E41: 150000 | G41: на руки | H41: 172414 | I41: https://hh.ru/vacancy/137125426 | J41: 6 | K41: 5 | L41: 1 | M41: 0 | N41: =IF(J41=0,"",(K41*Допущения!$B$9+L41*Допущения!$C$9)/J41) -> 0.44166667 | O41: =IF(J41=0,"",(K41*Допущения!$B$10+L41*Допущения!$C$10)/J41) -> 0.63333333 | P41: =IF(J41=0,"",(K41*Допущения!$B$11+L41*Допущения!$C$11)/J41) -> 0.83333333
A42: 41 | B42: Маркетолог | C42: Performance-маркетолог / Маркетолог маркетплейсов | D42: Москва | E42: 150000 | G42: на руки | H42: 172414 | I42: https://hh.ru/vacancy/137120929 | J42: 4 | K42: 3 | L42: 1 | M42: 0 | N42: =IF(J42=0,"",(K42*Допущения!$B$9+L42*Допущения!$C$9)/J42) -> 0.4125 | O42: =IF(J42=0,"",(K42*Допущения!$B$10+L42*Допущения!$C$10)/J42) -> 0.6 | P42: =IF(J42=0,"",(K42*Допущения!$B$11+L42*Допущения!$C$11)/J42) -> 0.8
A43: 42 | B43: Маркетолог | C43: Performance-маркетолог / Маркетолог маркетплейсов | D43: Королев (Московская область) | E43: 150000 | G43: на руки | H43: 172414 | I43: https://hh.ru/vacancy/137120930 | J43: 4 | K43: 3 | L43: 1 | M43: 0 | N43: =IF(J43=0,"",(K43*Допущения!$B$9+L43*Допущения!$C$9)/J43) -> 0.4125 | O43: =IF(J43=0,"",(K43*Допущения!$B$10+L43*Допущения!$C$10)/J43) -> 0.6 | P43: =IF(J43=0,"",(K43*Допущения!$B$11+L43*Допущения!$C$11)/J43) -> 0.8
A44: 43 | B44: Маркетолог | C44: Маркетолог | D44: Королев (Московская область) | E44: 150000 | G44: на руки | H44: 172414 | I44: https://hh.ru/vacancy/137125449 | J44: 6 | K44: 5 | L44: 1 | M44: 0 | N44: =IF(J44=0,"",(K44*Допущения!$B$9+L44*Допущения!$C$9)/J44) -> 0.44166667 | O44: =IF(J44=0,"",(K44*Допущения!$B$10+L44*Допущения!$C$10)/J44) -> 0.63333333 | P44: =IF(J44=0,"",(K44*Допущения!$B$11+L44*Допущения!$C$11)/J44) -> 0.83333333
A45: 44 | B45: Маркетолог | C45: Маркетолог | D45: Краснодар | E45: 80000 | G45: на руки | H45: 91954 | I45: https://hh.ru/vacancy/138185178 | J45: 7 | K45: 3 | L45: 2 | M45: 2 | N45: =IF(J45=0,"",(K45*Допущения!$B$9+L45*Допущения!$C$9)/J45) -> 0.25714286 | O45: =IF(J45=0,"",(K45*Допущения!$B$10+L45*Допущения!$C$10)/J45) -> 0.38571429 | P45: =IF(J45=0,"",(K45*Допущения!$B$11+L45*Допущения!$C$11)/J45) -> 0.52857143
A46: 45 | B46: Маркетолог | C46: Интернет-маркетолог | D46: Москва | E46: 150000 | G46: на руки | H46: 172414 | I46: https://hh.ru/vacancy/137977254 | J46: 8 | K46: 4 | L46: 3 | M46: 1 | N46: =IF(J46=0,"",(K46*Допущения!$B$9+L46*Допущения!$C$9)/J46) -> 0.30625 | O46: =IF(J46=0,"",(K46*Допущения!$B$10+L46*Допущения!$C$10)/J46) -> 0.4625 | P46: =IF(J46=0,"",(K46*Допущения!$B$11+L46*Допущения!$C$11)/J46) -> 0.6375
A47: 46 | B47: Бухгалтер | C47: Бухгалтер по учету ТМЦ | D47: Иркутск | E47: 80000 | F47: 90000 | G47: на руки | H47: 97701 | I47: https://hh.ru/vacancy/138502429 | J47: 9 | K47: 3 | L47: 6 | M47: 0 | N47: =IF(J47=0,"",(K47*Допущения!$B$9+L47*Допущения!$C$9)/J47) -> 0.26666667 | O47: =IF(J47=0,"",(K47*Допущения!$B$10+L47*Допущения!$C$10)/J47) -> 0.43333333 | P47: =IF(J47=0,"",(K47*Допущения!$B$11+L47*Допущения!$C$11)/J47) -> 0.63333333
A48: 47 | B48: Бухгалтер | C48: Бухгалтер по услугам / ОС / незавершенное строительство | D48: Иркутск | E48: 80000 | F48: 90000 | G48: на руки | H48: 97701 | I48: https://hh.ru/vacancy/138523694 | J48: 10 | K48: 1 | L48: 7 | M48: 2 | N48: =IF(J48=0,"",(K48*Допущения!$B$9+L48*Допущения!$C$9)/J48) -> 0.155 | O48: =IF(J48=0,"",(K48*Допущения!$B$10+L48*Допущения!$C$10)/J48) -> 0.28 | P48: =IF(J48=0,"",(K48*Допущения!$B$11+L48*Допущения!$C$11)/J48) -> 0.44
A49: 48 | B49: Бухгалтер | C49: Бухгалтер | D49: Омск | E49: 70000 | G49: на руки | H49: 80460 | I49: https://hh.ru/vacancy/138535693 | J49: 5 | K49: 3 | L49: 1 | M49: 1 | N49: =IF(J49=0,"",(K49*Допущения!$B$9+L49*Допущения!$C$9)/J49) -> 0.33 | O49: =IF(J49=0,"",(K49*Допущения!$B$10+L49*Допущения!$C$10)/J49) -> 0.48 | P49: =IF(J49=0,"",(K49*Допущения!$B$11+L49*Допущения!$C$11)/J49) -> 0.64
A50: 49 | B50: Бухгалтер | C50: Ведущий бухгалтер 1 категории отдела отчетности | D50: Красноярск | G50: не указан | I50: https://hh.ru/vacancy/138535525 | J50: 7 | K50: 1 | L50: 5 | M50: 1 | N50: =IF(J50=0,"",(K50*Допущения!$B$9+L50*Допущения!$C$9)/J50) -> 0.17857143 | O50: =IF(J50=0,"",(K50*Допущения!$B$10+L50*Допущения!$C$10)/J50) -> 0.31428571 | P50: =IF(J50=0,"",(K50*Допущения!$B$11+L50*Допущения!$C$11)/J50) -> 0.48571429
A51: 50 | B51: Бухгалтер | C51: Заместитель главного бухгалтера | D51: Новосибирск | E51: 93000 | F51: 93000 | G51: на руки | H51: 106897 | I51: https://hh.ru/vacancy/137614907 | J51: 9 | K51: 3 | L51: 5 | M51: 1 | N51: =IF(J51=0,"",(K51*Допущения!$B$9+L51*Допущения!$C$9)/J51) -> 0.25 | O51: =IF(J51=0,"",(K51*Допущения!$B$10+L51*Допущения!$C$10)/J51) -> 0.4 | P51: =IF(J51=0,"",(K51*Допущения!$B$11+L51*Допущения!$C$11)/J51) -> 0.57777778
A52: 51 | B52: Бухгалтер | C52: Главный бухгалтер | D52: Новокузнецк | E52: 120000 | F52: 120000 | G52: на руки | H52: 137931 | I52: https://hh.ru/vacancy/134638517 | J52: 22 | K52: 4 | L52: 11 | M52: 7 | N52: =IF(J52=0,"",(K52*Допущения!$B$9+L52*Допущения!$C$9)/J52) -> 0.16590909 | O52: =IF(J52=0,"",(K52*Допущения!$B$10+L52*Допущения!$C$10)/J52) -> 0.27727273 | P52: =IF(J52=0,"",(K52*Допущения!$B$11+L52*Допущения!$C$11)/J52) -> 0.41363636
A53: 52 | B53: Бухгалтер | C53: Главный бухгалтер | D53: Благовещенск (Амурская область) | E53: 100000 | F53: 100000 | G53: до вычета налога | H53: 100000 | I53: https://hh.ru/vacancy/138535321 | J53: 8 | K53: 1 | L53: 7 | M53: 0 | N53: =IF(J53=0,"",(K53*Допущения!$B$9+L53*Допущения!$C$9)/J53) -> 0.19375 | O53: =IF(J53=0,"",(K53*Допущения!$B$10+L53*Допущения!$C$10)/J53) -> 0.35 | P53: =IF(J53=0,"",(K53*Допущения!$B$11+L53*Допущения!$C$11)/J53) -> 0.55
A54: 53 | B54: Бухгалтер | C54: Бухгалтер-кассир | D54: Барнаул | G54: не указан | I54: https://hh.ru/vacancy/137846049 | J54: 10 | K54: 2 | L54: 6 | M54: 2 | N54: =IF(J54=0,"",(K54*Допущения!$B$9+L54*Допущения!$C$9)/J54) -> 0.19 | O54: =IF(J54=0,"",(K54*Допущения!$B$10+L54*Допущения!$C$10)/J54) -> 0.32 | P54: =IF(J54=0,"",(K54*Допущения!$B$11+L54*Допущения!$C$11)/J54) -> 0.48
A55: 54 | B55: Бухгалтер | C55: Главный бухгалтер | D55: Владивосток | E55: 200000 | G55: на руки | H55: 229885 | I55: https://hh.ru/vacancy/138323478 | J55: 11 | K55: 3 | L55: 7 | M55: 1 | N55: =IF(J55=0,"",(K55*Допущения!$B$9+L55*Допущения!$C$9)/J55) -> 0.23181818 | O55: =IF(J55=0,"",(K55*Допущения!$B$10+L55*Допущения!$C$10)/J55) -> 0.38181818 | P55: =IF(J55=0,"",(K55*Допущения!$B$11+L55*Допущения!$C$11)/J55) -> 0.56363636
A56: 55 | B56: Бухгалтер | C56: Бухгалтер | D56: Чита | E56: 60000 | G56: на руки | H56: 68966 | I56: https://hh.ru/vacancy/138403505 | J56: 15 | K56: 4 | L56: 7 | M56: 4 | N56: =IF(J56=0,"",(K56*Допущения!$B$9+L56*Допущения!$C$9)/J56) -> 0.20333333 | O56: =IF(J56=0,"",(K56*Допущения!$B$10+L56*Допущения!$C$10)/J56) -> 0.32666667 | P56: =IF(J56=0,"",(K56*Допущения!$B$11+L56*Допущения!$C$11)/J56) -> 0.47333333
A57: 56 | B57: Бухгалтер | C57: Бухгалтер | D57: Иркутск | G57: не указан | I57: https://hh.ru/vacancy/138535253 | J57: 9 | K57: 1 | L57: 6 | M57: 2 | N57: =IF(J57=0,"",(K57*Допущения!$B$9+L57*Допущения!$C$9)/J57) -> 0.15555556 | O57: =IF(J57=0,"",(K57*Допущения!$B$10+L57*Допущения!$C$10)/J57) -> 0.27777778 | P57: =IF(J57=0,"",(K57*Допущения!$B$11+L57*Допущения!$C$11)/J57) -> 0.43333333
A58: 57 | B58: Бухгалтер | C58: Бухгалтер по учету ТМЦ | D58: Красноярск | F58: 75000 | G58: до вычета налога | H58: 75000 | I58: https://hh.ru/vacancy/138535247 | J58: 8 | K58: 2 | L58: 6 | M58: 0 | N58: =IF(J58=0,"",(K58*Допущения!$B$9+L58*Допущения!$C$9)/J58) -> 0.2375 | O58: =IF(J58=0,"",(K58*Допущения!$B$10+L58*Допущения!$C$10)/J58) -> 0.4 | P58: =IF(J58=0,"",(K58*Допущения!$B$11+L58*Допущения!$C$11)/J58) -> 0.6
A59: 58 | B59: Бухгалтер | C59: Финансист-бухгалтер/Делопроизводитель | D59: Южно-Сахалинск | G59: не указан | I59: https://hh.ru/vacancy/138535207 | J59: 9 | K59: 5 | L59: 3 | M59: 1 | N59: =IF(J59=0,"",(K59*Допущения!$B$9+L59*Допущения!$C$9)/J59) -> 0.32777778 | O59: =IF(J59=0,"",(K59*Допущения!$B$10+L59*Допущения!$C$10)/J59) -> 0.48888889 | P59: =IF(J59=0,"",(K59*Допущения!$B$11+L59*Допущения!$C$11)/J59) -> 0.66666667
A60: 59 | B60: Бухгалтер | C60: Бухгалтер | D60: Барнаул | E60: 60000 | G60: на руки | H60: 68966 | I60: https://hh.ru/vacancy/137902000 | J60: 23 | K60: 6 | L60: 7 | M60: 10 | N60: =IF(J60=0,"",(K60*Допущения!$B$9+L60*Допущения!$C$9)/J60) -> 0.17608696 | O60: =IF(J60=0,"",(K60*Допущения!$B$10+L60*Допущения!$C$10)/J60) -> 0.27391304 | P60: =IF(J60=0,"",(K60*Допущения!$B$11+L60*Допущения!$C$11)/J60) -> 0.38695652
A61: 60 | B61: Бухгалтер | C61: Заместитель главного бухгалтера | D61: Адлер | G61: не указан | I61: https://hh.ru/vacancy/138535111 | J61: 8 | K61: 2 | L61: 5 | M61: 1 | N61: =IF(J61=0,"",(K61*Допущения!$B$9+L61*Допущения!$C$9)/J61) -> 0.21875 | O61: =IF(J61=0,"",(K61*Допущения!$B$10+L61*Допущения!$C$10)/J61) -> 0.3625 | P61: =IF(J61=0,"",(K61*Допущения!$B$11+L61*Допущения!$C$11)/J61) -> 0.5375
A62: 61 | B62: Бухгалтер | C62: Заместитель главного бухгалтера | D62: Краснодар | G62: не указан | I62: https://hh.ru/vacancy/138535056 | J62: 8 | K62: 2 | L62: 5 | M62: 1 | N62: =IF(J62=0,"",(K62*Допущения!$B$9+L62*Допущения!$C$9)/J62) -> 0.21875 | O62: =IF(J62=0,"",(K62*Допущения!$B$10+L62*Допущения!$C$10)/J62) -> 0.3625 | P62: =IF(J62=0,"",(K62*Допущения!$B$11+L62*Допущения!$C$11)/J62) -> 0.5375
A63: 62 | B63: Бухгалтер | C63: Бухгалтер | D63: Краснодар | E63: 70000 | G63: на руки | H63: 80460 | I63: https://hh.ru/vacancy/138535033 | J63: 5 | K63: 2 | L63: 2 | M63: 1 | N63: =IF(J63=0,"",(K63*Допущения!$B$9+L63*Допущения!$C$9)/J63) -> 0.26 | O63: =IF(J63=0,"",(K63*Допущения!$B$10+L63*Допущения!$C$10)/J63) -> 0.4 | P63: =IF(J63=0,"",(K63*Допущения!$B$11+L63*Допущения!$C$11)/J63) -> 0.56
A64: 63 | B64: Бухгалтер | C64: Главный бухгалтер | D64: Шелехов | E64: 90000 | G64: на руки | H64: 103448 | I64: https://hh.ru/vacancy/137985611 | J64: 9 | K64: 3 | L64: 5 | M64: 1 | N64: =IF(J64=0,"",(K64*Допущения!$B$9+L64*Допущения!$C$9)/J64) -> 0.25 | O64: =IF(J64=0,"",(K64*Допущения!$B$10+L64*Допущения!$C$10)/J64) -> 0.4 | P64: =IF(J64=0,"",(K64*Допущения!$B$11+L64*Допущения!$C$11)/J64) -> 0.57777778
A65: 64 | B65: Бухгалтер | C65: Заместитель главного бухгалтера | D65: Красноярск | E65: 100000 | G65: на руки | H65: 114943 | I65: https://hh.ru/vacancy/138356185 | J65: 10 | K65: 4 | L65: 5 | M65: 1 | N65: =IF(J65=0,"",(K65*Допущения!$B$9+L65*Допущения!$C$9)/J65) -> 0.275 | O65: =IF(J65=0,"",(K65*Допущения!$B$10+L65*Допущения!$C$10)/J65) -> 0.43 | P65: =IF(J65=0,"",(K65*Допущения!$B$11+L65*Допущения!$C$11)/J65) -> 0.61
A66: 65 | B66: Бухгалтер | C66: Бухгалтер | D66: Хабаровск | E66: 80000 | F66: 80000 | G66: на руки | H66: 91954 | I66: https://hh.ru/vacancy/137773007 | J66: 4 | K66: 3 | L66: 1 | M66: 0 | N66: =IF(J66=0,"",(K66*Допущения!$B$9+L66*Допущения!$C$9)/J66) -> 0.4125 | O66: =IF(J66=0,"",(K66*Допущения!$B$10+L66*Допущения!$C$10)/J66) -> 0.6 | P66: =IF(J66=0,"",(K66*Допущения!$B$11+L66*Допущения!$C$11)/J66) -> 0.8
A67: 66 | B67: Бухгалтер | C67: Бухгалтер единственный для ИП | D67: Новосибирск | E67: 80000 | F67: 90000 | G67: на руки | H67: 97701 | I67: https://hh.ru/vacancy/138534877 | J67: 6 | K67: 2 | L67: 4 | M67: 0 | N67: =IF(J67=0,"",(K67*Допущения!$B$9+L67*Допущения!$C$9)/J67) -> 0.26666667 | O67: =IF(J67=0,"",(K67*Допущения!$B$10+L67*Допущения!$C$10)/J67) -> 0.43333333 | P67: =IF(J67=0,"",(K67*Допущения!$B$11+L67*Допущения!$C$11)/J67) -> 0.63333333
A68: 67 | B68: Бухгалтер | C68: Бухгалтер единственный для ИП | D68: Краснообск | E68: 80000 | F68: 90000 | G68: на руки | H68: 97701 | I68: https://hh.ru/vacancy/138534878 | J68: 6 | K68: 2 | L68: 4 | M68: 0 | N68: =IF(J68=0,"",(K68*Допущения!$B$9+L68*Допущения!$C$9)/J68) -> 0.26666667 | O68: =IF(J68=0,"",(K68*Допущения!$B$10+L68*Допущения!$C$10)/J68) -> 0.43333333 | P68: =IF(J68=0,"",(K68*Допущения!$B$11+L68*Допущения!$C$11)/J68) -> 0.63333333
A69: 68 | B69: Бухгалтер | C69: Бухгалтер на первичную документацию | D69: Магадан | E69: 150000 | F69: 150000 | G69: на руки | H69: 172414 | I69: https://hh.ru/vacancy/138534864 | J69: 7 | K69: 2 | L69: 3 | M69: 2 | N69: =IF(J69=0,"",(K69*Допущения!$B$9+L69*Допущения!$C$9)/J69) -> 0.20714286 | O69: =IF(J69=0,"",(K69*Допущения!$B$10+L69*Допущения!$C$10)/J69) -> 0.32857143 | P69: =IF(J69=0,"",(K69*Допущения!$B$11+L69*Допущения!$C$11)/J69) -> 0.47142857
A70: 69 | B70: Бухгалтер | C70: Главный бухгалтер филиала Общества в Исламской Республике Иран | D70: Москва | E70: 270000 | F70: 270000 | G70: до вычета налога | H70: 270000 | I70: https://hh.ru/vacancy/138534848 | J70: 14 | K70: 4 | L70: 5 | M70: 5 | N70: =IF(J70=0,"",(K70*Допущения!$B$9+L70*Допущения!$C$9)/J70) -> 0.19642857 | O70: =IF(J70=0,"",(K70*Допущения!$B$10+L70*Допущения!$C$10)/J70) -> 0.30714286 | P70: =IF(J70=0,"",(K70*Допущения!$B$11+L70*Допущения!$C$11)/J70) -> 0.43571429
A71: 70 | B71: Бухгалтер | C71: Главный бухгалтер филиала Общества в Исламской Республике Иран | D71: Санкт-Петербург | E71: 270000 | F71: 270000 | G71: до вычета налога | H71: 270000 | I71: https://hh.ru/vacancy/138534849 | J71: 14 | K71: 4 | L71: 5 | M71: 5 | N71: =IF(J71=0,"",(K71*Допущения!$B$9+L71*Допущения!$C$9)/J71) -> 0.19642857 | O71: =IF(J71=0,"",(K71*Допущения!$B$10+L71*Допущения!$C$10)/J71) -> 0.30714286 | P71: =IF(J71=0,"",(K71*Допущения!$B$11+L71*Допущения!$C$11)/J71) -> 0.43571429
A72: 71 | B72: Бухгалтер | C72: Бухгалтер | D72: Якутск | E72: 65000 | G72: на руки | H72: 74713 | I72: https://hh.ru/vacancy/138199365 | J72: 6 | K72: 4 | L72: 0 | M72: 2 | N72: =IF(J72=0,"",(K72*Допущения!$B$9+L72*Допущения!$C$9)/J72) -> 0.33333333 | O72: =IF(J72=0,"",(K72*Допущения!$B$10+L72*Допущения!$C$10)/J72) -> 0.46666667 | P72: =IF(J72=0,"",(K72*Допущения!$B$11+L72*Допущения!$C$11)/J72) -> 0.6
A73: 72 | B73: Бухгалтер | C73: Бухгалтер (общепит) | D73: Чита | E73: 70000 | G73: на руки | H73: 80460 | I73: https://hh.ru/vacancy/138193922 | J73: 7 | K73: 2 | L73: 5 | M73: 0 | N73: =IF(J73=0,"",(K73*Допущения!$B$9+L73*Допущения!$C$9)/J73) -> 0.25 | O73: =IF(J73=0,"",(K73*Допущения!$B$10+L73*Допущения!$C$10)/J73) -> 0.41428571 | P73: =IF(J73=0,"",(K73*Допущения!$B$11+L73*Допущения!$C$11)/J73) -> 0.61428571
A74: 73 | B74: Бухгалтер | C74: Бухгалтер материальной группы | D74: Ангарск | E74: 45000 | F74: 55000 | G74: на руки | H74: 57471 | I74: https://hh.ru/vacancy/138533854 | J74: 7 | K74: 3 | L74: 3 | M74: 1 | N74: =IF(J74=0,"",(K74*Допущения!$B$9+L74*Допущения!$C$9)/J74) -> 0.27857143 | O74: =IF(J74=0,"",(K74*Допущения!$B$10+L74*Допущения!$C$10)/J74) -> 0.42857143 | P74: =IF(J74=0,"",(K74*Допущения!$B$11+L74*Допущения!$C$11)/J74) -> 0.6
A75: 74 | B75: Бухгалтер | C75: Бухгалтер (ведение ИП на УСН) | D75: Владивосток | E75: 120000 | F75: 135000 | G75: на руки | H75: 146552 | I75: https://hh.ru/vacancy/138533564 | J75: 7 | K75: 2 | L75: 4 | M75: 1 | N75: =IF(J75=0,"",(K75*Допущения!$B$9+L75*Допущения!$C$9)/J75) -> 0.22857143 | O75: =IF(J75=0,"",(K75*Допущения!$B$10+L75*Допущения!$C$10)/J75) -> 0.37142857 | P75: =IF(J75=0,"",(K75*Допущения!$B$11+L75*Допущения!$C$11)/J75) -> 0.54285714
A76: 75 | B76: Бухгалтер | C76: Бухгалтер по начислению жилищно-коммунальных услуг | D76: Хабаровск | E76: 90000 | F76: 90000 | G76: на руки | H76: 103448 | I76: https://hh.ru/vacancy/137679507 | J76: 14 | K76: 1 | L76: 5 | M76: 8 | N76: =IF(J76=0,"",(K76*Допущения!$B$9+L76*Допущения!$C$9)/J76) -> 0.089285714 | O76: =IF(J76=0,"",(K76*Допущения!$B$10+L76*Допущения!$C$10)/J76) -> 0.15714286 | P76: =IF(J76=0,"",(K76*Допущения!$B$11+L76*Допущения!$C$11)/J76) -> 0.24285714
A77: 76 | B77: Бухгалтер | C77: Заместитель главного бухгалтера | D77: Петропавловск-Камчатский | E77: 150000 | G77: на руки | H77: 172414 | I77: https://hh.ru/vacancy/137456819 | J77: 4 | K77: 1 | L77: 3 | M77: 0 | N77: =IF(J77=0,"",(K77*Допущения!$B$9+L77*Допущения!$C$9)/J77) -> 0.2375 | O77: =IF(J77=0,"",(K77*Допущения!$B$10+L77*Допущения!$C$10)/J77) -> 0.4 | P77: =IF(J77=0,"",(K77*Допущения!$B$11+L77*Допущения!$C$11)/J77) -> 0.6
A78: 77 | B78: Бухгалтер | C78: Главный бухгалтер | D78: Москва | F78: 160000 | G78: до вычета налога | H78: 160000 | I78: https://hh.ru/vacancy/137984130 | J78: 10 | K78: 3 | L78: 6 | M78: 1 | N78: =IF(J78=0,"",(K78*Допущения!$B$9+L78*Допущения!$C$9)/J78) -> 0.24 | O78: =IF(J78=0,"",(K78*Допущения!$B$10+L78*Допущения!$C$10)/J78) -> 0.39 | P78: =IF(J78=0,"",(K78*Допущения!$B$11+L78*Допущения!$C$11)/J78) -> 0.57
A79: 78 | B79: Бухгалтер | C79: Главный бухгалтер | D79: Санкт-Петербург | E79: 100000 | F79: 120000 | G79: на руки | H79: 126437 | I79: https://hh.ru/vacancy/138533288 | J79: 3 | K79: 1 | L79: 2 | M79: 0 | N79: =IF(J79=0,"",(K79*Допущения!$B$9+L79*Допущения!$C$9)/J79) -> 0.26666667 | O79: =IF(J79=0,"",(K79*Допущения!$B$10+L79*Допущения!$C$10)/J79) -> 0.43333333 | P79: =IF(J79=0,"",(K79*Допущения!$B$11+L79*Допущения!$C$11)/J79) -> 0.63333333
A80: 79 | B80: Бухгалтер | C80: Главный бухгалтер | D80: Краснодар | G80: не указан | I80: https://hh.ru/vacancy/134662137 | J80: 15 | K80: 2 | L80: 9 | M80: 4 | N80: =IF(J80=0,"",(K80*Допущения!$B$9+L80*Допущения!$C$9)/J80) -> 0.15666667 | O80: =IF(J80=0,"",(K80*Допущения!$B$10+L80*Допущения!$C$10)/J80) -> 0.27333333 | P80: =IF(J80=0,"",(K80*Допущения!$B$11+L80*Допущения!$C$11)/J80) -> 0.42
A81: 80 | B81: Бухгалтер | C81: Бухгалтер (учет сырья и материалов, и иные участки) | D81: Москва | E81: 110000 | G81: на руки | H81: 126437 | I81: https://hh.ru/vacancy/137375961 | J81: 18 | K81: 4 | L81: 12 | M81: 2 | N81: =IF(J81=0,"",(K81*Допущения!$B$9+L81*Допущения!$C$9)/J81) -> 0.21111111 | O81: =IF(J81=0,"",(K81*Допущения!$B$10+L81*Допущения!$C$10)/J81) -> 0.35555556 | P81: =IF(J81=0,"",(K81*Допущения!$B$11+L81*Допущения!$C$11)/J81) -> 0.53333333
A82: 81 | B82: Бухгалтер | C82: Бухгалтер в группу компаний ООО Карьер | D82: Магадан | E82: 110000 | G82: на руки | H82: 126437 | I82: https://hh.ru/vacancy/138400858 | J82: 4 | K82: 2 | L82: 1 | M82: 1 | N82: =IF(J82=0,"",(K82*Допущения!$B$9+L82*Допущения!$C$9)/J82) -> 0.2875 | O82: =IF(J82=0,"",(K82*Допущения!$B$10+L82*Допущения!$C$10)/J82) -> 0.425 | P82: =IF(J82=0,"",(K82*Допущения!$B$11+L82*Допущения!$C$11)/J82) -> 0.575
A83: 82 | B83: Бухгалтер | C83: Главный бухгалтер | D83: Иваново (Ивановская область) | G83: не указан | I83: https://hh.ru/vacancy/137983519 | J83: 11 | K83: 2 | L83: 6 | M83: 3 | N83: =IF(J83=0,"",(K83*Допущения!$B$9+L83*Допущения!$C$9)/J83) -> 0.17272727 | O83: =IF(J83=0,"",(K83*Допущения!$B$10+L83*Допущения!$C$10)/J83) -> 0.29090909 | P83: =IF(J83=0,"",(K83*Допущения!$B$11+L83*Допущения!$C$11)/J83) -> 0.43636364
A84: 83 | B84: Бухгалтер | C84: Главный бухгалтер | D84: Москва | E84: 170000 | F84: 250000 | G84: на руки | H84: 241379 | I84: https://hh.ru/vacancy/137612729 | J84: 10 | K84: 3 | L84: 6 | M84: 1 | N84: =IF(J84=0,"",(K84*Допущения!$B$9+L84*Допущения!$C$9)/J84) -> 0.24 | O84: =IF(J84=0,"",(K84*Допущения!$B$10+L84*Допущения!$C$10)/J84) -> 0.39 | P84: =IF(J84=0,"",(K84*Допущения!$B$11+L84*Допущения!$C$11)/J84) -> 0.57
A85: 84 | B85: Бухгалтер | C85: Главный бухгалтер (Производственно-торговая компания) | D85: Краснодар | G85: не указан | I85: https://hh.ru/vacancy/138532412 | J85: 12 | K85: 0 | L85: 8 | M85: 4 | N85: =IF(J85=0,"",(K85*Допущения!$B$9+L85*Допущения!$C$9)/J85) -> 0.1 | O85: =IF(J85=0,"",(K85*Допущения!$B$10+L85*Допущения!$C$10)/J85) -> 0.2 | P85: =IF(J85=0,"",(K85*Допущения!$B$11+L85*Допущения!$C$11)/J85) -> 0.33333333
A86: 85 | B86: Бухгалтер | C86: Бухгалтер по расчету заработной платы и кадровому учету | D86: Якутск | E86: 70000 | G86: на руки | H86: 80460 | I86: https://hh.ru/vacancy/137422145 | J86: 8 | K86: 0 | L86: 7 | M86: 1 | N86: =IF(J86=0,"",(K86*Допущения!$B$9+L86*Допущения!$C$9)/J86) -> 0.13125 | O86: =IF(J86=0,"",(K86*Допущения!$B$10+L86*Допущения!$C$10)/J86) -> 0.2625 | P86: =IF(J86=0,"",(K86*Допущения!$B$11+L86*Допущения!$C$11)/J86) -> 0.4375
A87: 86 | B87: Бухгалтер | C87: Производственный бухгалтер / бухгалтер ТМЦ | D87: Нальчик | E87: 55000 | G87: на руки | H87: 63218 | I87: https://hh.ru/vacancy/138475474 | J87: 6 | K87: 1 | L87: 5 | M87: 0 | N87: =IF(J87=0,"",(K87*Допущения!$B$9+L87*Допущения!$C$9)/J87) -> 0.20833333 | O87: =IF(J87=0,"",(K87*Допущения!$B$10+L87*Допущения!$C$10)/J87) -> 0.36666667 | P87: =IF(J87=0,"",(K87*Допущения!$B$11+L87*Допущения!$C$11)/J87) -> 0.56666667
A88: 87 | B88: Бухгалтер | C88: Бухгалтер стажер (начинающий) | D88: Кстово | E88: 65000 | F88: 85000 | G88: до вычета налога | H88: 75000 | I88: https://hh.ru/vacancy/138477528 | J88: 12 | K88: 0 | L88: 6 | M88: 6 | N88: =IF(J88=0,"",(K88*Допущения!$B$9+L88*Допущения!$C$9)/J88) -> 0.075 | O88: =IF(J88=0,"",(K88*Допущения!$B$10+L88*Допущения!$C$10)/J88) -> 0.15 | P88: =IF(J88=0,"",(K88*Допущения!$B$11+L88*Допущения!$C$11)/J88) -> 0.25
A89: 88 | B89: Бухгалтер | C89: Бухгалтер | D89: Казань | E89: 80000 | F89: 90000 | G89: на руки | H89: 97701 | I89: https://hh.ru/vacancy/138532328 | J89: 13 | K89: 3 | L89: 6 | M89: 4 | N89: =IF(J89=0,"",(K89*Допущения!$B$9+L89*Допущения!$C$9)/J89) -> 0.18461538 | O89: =IF(J89=0,"",(K89*Допущения!$B$10+L89*Допущения!$C$10)/J89) -> 0.3 | P89: =IF(J89=0,"",(K89*Допущения!$B$11+L89*Допущения!$C$11)/J89) -> 0.43846154
A90: 89 | B90: Бухгалтер | C90: Главный бухгалтер | D90: Ростов-на-Дону | E90: 120000 | F90: 150000 | G90: на руки | H90: 155172 | I90: https://hh.ru/vacancy/137611933 | J90: 9 | K90: 2 | L90: 6 | M90: 1 | N90: =IF(J90=0,"",(K90*Допущения!$B$9+L90*Допущения!$C$9)/J90) -> 0.21111111 | O90: =IF(J90=0,"",(K90*Допущения!$B$10+L90*Допущения!$C$10)/J90) -> 0.35555556 | P90: =IF(J90=0,"",(K90*Допущения!$B$11+L90*Допущения!$C$11)/J90) -> 0.53333333
A91: 90 | B91: Бухгалтер | C91: Бухгалтер на первичную документацию | D91: Нижний Новгород | E91: 60000 | G91: до вычета налога | H91: 60000 | I91: https://hh.ru/vacancy/137829560 | J91: 13 | K91: 10 | L91: 2 | M91: 1 | N91: =IF(J91=0,"",(K91*Допущения!$B$9+L91*Допущения!$C$9)/J91) -> 0.40769231 | O91: =IF(J91=0,"",(K91*Допущения!$B$10+L91*Допущения!$C$10)/J91) -> 0.58461538 | P91: =IF(J91=0,"",(K91*Допущения!$B$11+L91*Допущения!$C$11)/J91) -> 0.76923077
A92: 91 | B92: Ассистент руководителя | C92: Персональный ассистент/личный помощник | D92: Москва | E92: 80000 | F92: 120000 | G92: на руки | H92: 114943 | I92: https://hh.ru/vacancy/137829546 | J92: 11 | K92: 3 | L92: 4 | M92: 4 | N92: =IF(J92=0,"",(K92*Допущения!$B$9+L92*Допущения!$C$9)/J92) -> 0.19090909 | O92: =IF(J92=0,"",(K92*Допущения!$B$10+L92*Допущения!$C$10)/J92) -> 0.3 | P92: =IF(J92=0,"",(K92*Допущения!$B$11+L92*Допущения!$C$11)/J92) -> 0.42727273
A93: 92 | B93: Ассистент руководителя | C93: Персональный ассистент топ-менеджера страховой компании (офис) | D93: Москва | F93: 200000 | G93: до вычета налога | H93: 200000 | I93: https://hh.ru/vacancy/137979709 | J93: 22 | K93: 7 | L93: 2 | M93: 13 | N93: =IF(J93=0,"",(K93*Допущения!$B$9+L93*Допущения!$C$9)/J93) -> 0.17272727 | O93: =IF(J93=0,"",(K93*Допущения!$B$10+L93*Допущения!$C$10)/J93) -> 0.25 | P93: =IF(J93=0,"",(K93*Допущения!$B$11+L93*Допущения!$C$11)/J93) -> 0.33181818
A94: 93 | B94: Ассистент руководителя | C94: Персональный ассистент генерального директора | D94: Москва | G94: не указан | I94: https://hh.ru/vacancy/135847154 | J94: 9 | K94: 4 | L94: 1 | M94: 4 | N94: =IF(J94=0,"",(K94*Допущения!$B$9+L94*Допущения!$C$9)/J94) -> 0.23888889 | O94: =IF(J94=0,"",(K94*Допущения!$B$10+L94*Допущения!$C$10)/J94) -> 0.34444444 | P94: =IF(J94=0,"",(K94*Допущения!$B$11+L94*Допущения!$C$11)/J94) -> 0.45555556
A95: 94 | B95: Ассистент руководителя | C95: Персональный ассистент (со знанием английского языка) | D95: Саратов | E95: 150000 | F95: 150000 | G95: до вычета налога | H95: 150000 | I95: https://hh.ru/vacancy/137537833 | J95: 4 | K95: 0 | L95: 0 | M95: 4 | N95: =IF(J95=0,"",(K95*Допущения!$B$9+L95*Допущения!$C$9)/J95) -> 0 | O95: =IF(J95=0,"",(K95*Допущения!$B$10+L95*Допущения!$C$10)/J95) -> 0 | P95: =IF(J95=0,"",(K95*Допущения!$B$11+L95*Допущения!$C$11)/J95) -> 0
A96: 95 | B96: Ассистент руководителя | C96: Личный ассистент директора | D96: Москва | E96: 130000 | G96: на руки | H96: 149425 | I96: https://hh.ru/vacancy/137760799 | J96: 9 | K96: 3 | L96: 0 | M96: 6 | N96: =IF(J96=0,"",(K96*Допущения!$B$9+L96*Допущения!$C$9)/J96) -> 0.16666667 | O96: =IF(J96=0,"",(K96*Допущения!$B$10+L96*Допущения!$C$10)/J96) -> 0.23333333 | P96: =IF(J96=0,"",(K96*Допущения!$B$11+L96*Допущения!$C$11)/J96) -> 0.3
A97: 96 | B97: Ассистент руководителя | C97: Личный помощник генерального директора | D97: Санкт-Петербург | G97: не указан | I97: https://hh.ru/vacancy/138308796 | J97: 10 | K97: 2 | L97: 1 | M97: 7 | N97: =IF(J97=0,"",(K97*Допущения!$B$9+L97*Допущения!$C$9)/J97) -> 0.115 | O97: =IF(J97=0,"",(K97*Допущения!$B$10+L97*Допущения!$C$10)/J97) -> 0.17 | P97: =IF(J97=0,"",(K97*Допущения!$B$11+L97*Допущения!$C$11)/J97) -> 0.23
A98: 97 | B98: Ассистент руководителя | C98: Менеджер консьерж сервиса/Персональный ассистент | D98: Санкт-Петербург | E98: 90000 | G98: на руки | H98: 103448 | I98: https://hh.ru/vacancy/138376847 | J98: 36 | K98: 6 | L98: 6 | M98: 24 | N98: =IF(J98=0,"",(K98*Допущения!$B$9+L98*Допущения!$C$9)/J98) -> 0.10833333 | O98: =IF(J98=0,"",(K98*Допущения!$B$10+L98*Допущения!$C$10)/J98) -> 0.16666667 | P98: =IF(J98=0,"",(K98*Допущения!$B$11+L98*Допущения!$C$11)/J98) -> 0.23333333
A99: 98 | B99: Ассистент руководителя | C99: Персональный ассистент | D99: Москва | E99: 150000 | G99: на руки | H99: 172414 | I99: https://hh.ru/vacancy/138510843 | J99: 11 | K99: 0 | L99: 5 | M99: 6 | N99: =IF(J99=0,"",(K99*Допущения!$B$9+L99*Допущения!$C$9)/J99) -> 0.068181818 | O99: =IF(J99=0,"",(K99*Допущения!$B$10+L99*Допущения!$C$10)/J99) -> 0.13636364 | P99: =IF(J99=0,"",(K99*Допущения!$B$11+L99*Допущения!$C$11)/J99) -> 0.22727273
A100: 99 | B100: Ассистент руководителя | C100: Личный помощник Генерального директора (работа с семьей) | D100: Москва | G100: не указан | I100: https://hh.ru/vacancy/137422958 | J100: 26 | K100: 9 | L100: 7 | M100: 10 | N100: =IF(J100=0,"",(K100*Допущения!$B$9+L100*Допущения!$C$9)/J100) -> 0.21346154 | O100: =IF(J100=0,"",(K100*Допущения!$B$10+L100*Допущения!$C$10)/J100) -> 0.32307692 | P100: =IF(J100=0,"",(K100*Допущения!$B$11+L100*Допущения!$C$11)/J100) -> 0.44615385
...

Sheet Допущения
A1: Допущения и правила расчёта
A2: Жёлтые ячейки можно менять: вся сводка пересчитается сама.
A3: Рабочая неделя, часов | B3: 40 | C3: стандартная 40-часовая неделя (ТК РФ, ст. 91)
A4: Цена ВайбАгента, ₽ в месяц (от) | B4: 14990 | C4: публичная страница vibemarketolog.ru/app, проверено 16.10.2026
A5: Недель в месяце | B5: 4.33 | C5: 52 недели / 12 месяцев
A6: Ставка НДФЛ для пересчёта «на руки» в «до вычета налога» | B6: 0.13 | C6: оклад «на руки» делится на (1 - ставка); для окладов до 200 тыс. ₽ в месяц ставка 13%
A8: Сценарий | B8: Доля времени, которую снимает агент на пункте «целиком» | C8: Доля времени на пункте «частично» | D8: Как читать
A9: осторожно | B9: 0.5 | C9: 0.15 | D9: Осторожно: даже готовую работу человек проверяет и согласует, это съедает половину времени
A10: вероятно | B10: 0.7 | C10: 0.3 | D10: Вероятно: типовой режим, человек проверяет результат выборочно
A11: максимум | B11: 0.9 | C11: 0.5 | D11: Максимум: агент подключён ко всем нужным программам, проверка минимальная
A13: Метод
A14: 1. Источник: открытая выдача hh.ru на 16.10.2026, вакансии за последние 7 дней по России, поиск по названию должности. Берём не больше 50 вакансий на роль, в каждой не менее 3 пунктов в разделе обязанностей.
A15: 2. Каждый пункт обязанностей относим к категории по ключевым словам (лист «Пункты (разметка)») и к уровню: «целиком», «частично», «не делает».
A16: 3. Уровень определяется публичными возможностями ВайбАгента на странице vibemarketolog.ru/app (отчёты, документы, почта, реклама, таблицы, напоминания и др.). Звонки, переговоры, встречи, офис и руководство людьми агент не берёт.
A17: 4. Для каждой вакансии: доля = (пунктов «целиком» × коэффициент1 + пунктов «частично» × коэффициент2) / всех пунктов. Роль = среднее по вакансиям. Часы в неделю = неделя × доля. Все пункты считаем равными по времени.
A18: 5. Пункт, который не удалось распознать, считаем «не делает»: оценка осторожная.
A19: 6. Стоимость снятых часов = медианный оклад по вакансиям с окладом × доля («вероятно»). Оклад «на руки» пересчитан в «до вычета налога»; если указана вилка, берём середину.
A20: Границы: это модель по описаниям вакансий, а не замер времени. Описания неполные, а у людей часть работы не записана в вакансии. Коэффициенты - допущения, их надо проверить на неделе реальных задач. Освободившиеся часы дают экономию, только если их передать другой работе или не нанимать лишнего человека.
A22: Правила отнесения пунктов
A23: Категория | B23: Уровень | C23: Что на странице /app | D23: Признаки (корни слов)
A24: Календарь, график, организация встреч и совещаний | B24: целиком | C24: Личный помощник: почта, календарь, напоминания | D24: календар, расписани руковод, директор, встреч, рабоч, график* руковод, ведени графика, организаци, планировани, назначени, согласовани, координаци, подготовк встреч, совещани, переговор, собрани, планёр, планер, видеоконференц, zoom, конфе
A25: Переговоры, звонки, встречи и работа с людьми вживую | B25: не делает | C25: Агент работает на компьютере: звонки и встречи за человека не проводит | D25: проведени встреч, совещани, переговор, презентац, собеседован, консультац, ведени переговор, холодн звонк, продаж, обзвон, звонк, телефон звонк, линии, приём* звонк, клиент, посетител, прием* звонк, общени с клиент, покупател, заказчик, пар
A26: Мероприятия, выставки, съёмки, офлайн-активности | B26: не делает | C26: Физическое присутствие агенту недоступно | D26: мероприят, выставк, конференци, ивент, event, офлайн, оффлайн, наружн реклам, типографи, полиграф, съёмк, съемк, промо-акци, стенд, форум, семинар, вебинар, мерч, мерчандайз, сувенир
A27: Офис и быт: канцелярия, хозяйство, гости, курьеры, ресепшн | B27: не делает | C27: Физическое присутствие агенту недоступно | D27: канцеляр, хозяйствен, хозтовар, хоз., обеспечени офис, работы офис, жизнедеятельност, бесперебойн, заказ воды, кофе, канцтовар, питани, обед, еды, цвет, подарк, гостей, и, ями, я, посетител, курьер, ресепшн, reception, ресепшен, уборк, поря
A28: Сверки и контроль задолженности (акты сверки, дебиторка) | B28: целиком | C28: Финансы и счета: контроль долгов клиентов | D28: сверк, дебитор, кредитор, задолженност, долги, ов, ами, просрочк, расч[её]ты с покупател, поставщик, контрагент, заказчик, подотч, взаимозач, контроль* оплат, поступлен
A29: Зарплата, кадры, отпуска, больничные, табель | B29: частично | C29: Финансист и бухгалтер-помощник (расчёт готовит, проверяет человек) | D29: зарплат, заработн, оплат труда, начислени зарплат, отпуск, больнич, табел, кадров, премир, удержани, алимент, личных дел, трудов книжк, договор, зп
A30: Налоги и отчётность (НДС, УСН, НДФЛ, баланс, сдача в ФНС и фонды) | B30: частично | C30: Финансист: налоговый календарь, подготовка; сдачу и подпись делает человек | D30: налог, ндс, усн, енс, ндфл, рсв, баланс, декларац, бухгалтерск, финансов, статистическ, регламентированн, налогов отч[её]тност, отч[её]тност, фнс, пфр, сфр, фсс, росстат, страховы взнос, взнос, камеральн, ифнс, эцп, сдач отч[её]т
A31: Первичные документы, счета, акты, накладные, УПД | B31: целиком | C31: Финансист и бухгалтер-помощник: первичка и счета через 1С; Счета и акты в 1С | D31: первичн, счёт-фактур, счет-фактур, счета-фактур, упд, накладн, акты, актов, ами, выставлен счет, счёт, счета, ов на оплат, клиент, покупател, счетов, документооборот, эдо, диадок, сбис, кассов документ, операц, авансов отч[её]т, товарн отч[
A32: Склад, ТМЦ, основные средства, себестоимость | B32: частично | C32: Финансист: учёт по данным; физическую инвентаризацию выполняет человек | D32: склад, тмц, основн средств, инвентаризац, материальн цен, запас, учёт, учет, номенклатур, остатк, себестоимост, калькуляц, списани, оприходован, амортизац
A33: Бухгалтерский учёт и проводки в 1С | B33: частично | C33: Финансы и счета: счета и акты в 1С (проводки проверяет человек) | D33: 1с, 1c, бухгалтерск и налогов уч[её]т, ведени бухгалтерск, учёта, учета, бухучёт, бухучет, уч[её]т* операц, хозяйственн, расч[её]т, затрат, доход, расход, движен, проводк, бухуч[её]т, участк уч[её]та, закрыти месяц, период, план счетов, уч[
A34: Управленческий учёт, бюджет, финансовый анализ | B34: частично | C34: Финансист: расчёты и сводки; решение принимает человек | D34: управленческ, бюджетирован, финансов анализ, модел, план, результат, контрол, отч[её]т, уч[её]т, план-факт, p&l, опиу, cashflow, рентабельност, маржинальност
... A55: Взаимодействие и согласование с подразделениями, руководством, клиентами | B55: не делает | C55: Живое общение и согласование остаются за человеком | D55: взаимодействи, согласовани, координаци, коммуникац, общени, работа с отдел, подразделени, руковод, коллег, сотрудник, связь, поддержани отношен, связ, участи в, сопровожден, помощь, поддержк, содействи, консультирован, информирован, организ
A56: Прочее и не распознано | B56: не делает | C56: Не засчитываем: осторожная оценка

Sheet Пункты (разметка)
A1: Роль | B1: Вакансия | C1: Пункт обязанности (как в вакансии) | D1: Категория | E1: Что делает агент
A2: Маркетолог | B2: 138406767 | C2: Разработка и реализация плана маркетинговых мероприятий для продвижения продукции | D2: Мероприятия, выставки, съёмки, офлайн-активности | E2: не делает
A3: Маркетолог | B3: 138406767 | C3: Анализ конкурентной среды: мониторинг цен, ассортимента, рекламной активности конкурентов в строительном секторе | D3: Реклама: настройка и ведение кампаний (Директ, VK, таргет, контекст) | E3: целиком
A4: Маркетолог | B4: 138406767 | C4: Выявление и анализ потребностей целевой аудитории (строительные компании, частные застройщики, дизайнеры) | D4: Анализ рынка и конкурентов, мониторинг цен | E4: целиком
A5: Маркетолог | B5: 138406767 | C5: Ведение и развитие групп в социальных сетях,написание и публикация контента | D5: Контент: тексты, посты, контент-план, соцсети, рассылки, репутация | E5: целиком
A6: Маркетолог | B6: 138406767 | C6: Администрирование и наполнение сайта компании (каталог продукции, статьи, новости) | D6: Контент: тексты, посты, контент-план, соцсети, рассылки, репутация | E6: целиком
A7: Маркетолог | B7: 138406767 | C7: [текст скрыт: есть название, цифры или контакт] | D7: Сайт и SEO: наполнение, правки, посадочные страницы, карточки | E7: частично
A8: Маркетолог | B8: 138406767 | C8: Заказ и контроль размещения наружной рекламы, медиапланирование | D8: Мероприятия, выставки, съёмки, офлайн-активности | E8: не делает
A9: Маркетолог | B9: 138406767 | C9: Подготовка коммерческих предложений и презентационных материалов для клиентов | D9: Мероприятия, выставки, съёмки, офлайн-активности | E9: не делает
A10: Маркетолог | B10: 138406767 | C10: Сбор и анализ обратной связи от клиентов, работа с отзывами | D10: Контент: тексты, посты, контент-план, соцсети, рассылки, репутация | E10: целиком
A11: Маркетолог | B11: 138406767 | C11: [текст скрыт: есть название, цифры или контакт] | D11: Мероприятия, выставки, съёмки, офлайн-активности | E11: не делает
A12: Маркетолог | B12: 138406767 | C12: Оформление первичной документации с подрядчиками (акты, договоры, счета) | D12: Первичные документы, счета, акты, накладные, УПД | E12: целиком
A13: Маркетолог | B13: 138406767 | C13: [текст скрыт: есть название, цифры или контакт] | D13: Реклама: настройка и ведение кампаний (Директ, VK, таргет, контекст) | E13: целиком
... A1407: Ассистент руководителя | B1407: 138358941 | C1407: Координация работы водителя и домработницы | D1407: Офис и быт: канцелярия, хозяйство, гости, курьеры, ресепшн | E1407: не делает
